 Dungeon Crawl Stone Soup version 0.14-a0-1739-g6c2808e (webtiles) character file.

274 Kae the Ruffian (level 5, 0/40 HPs)
             Began as a Draconian Transmuter on Jan 3, 2014.
             Succumbed to a scorpion's poison
             ... on Level 4 of the Dungeon.
             The game lasted 00:04:19 (2964 turns).

Kae the Ruffian (Draconian Transmuter)              Turns: 2964, Time: 00:04:20

HP   0/40        AC  5     Str 13      XL: 5   Next: 28%
MP   9/9         EV 12     Int 13      God:
Gold 100         SH  0     Dex 12      Spells:  1 memorised,  7 levels left

rFire  . . .     SeeInvis +       - Unarmed
rCold  . . .     Clarity  .     (armour unavailable)
rNeg   . . .     Conserve .     (no shield)
rPois  .         rCorr    .     (helmet restricted)
rElec  .         rRot     .     (no cloak)
SustAb . .       Spirit   .     (no gloves)
rMut   .         Warding  .     (no boots)
Saprov . . .     Stasis   .     (no amulet)
                                (no ring)
                                c - cursed ring of see invisible

@: extremely poisoned, slightly resistant to hostile enchantments, unstealthy
A: unfitting armour, AC +5
a: no special abilities


You were on level 4 of the Dungeon.
You were not hungry.

You visited 1 branch of the dungeon, and saw 4 of its levels.

You collected 100 gold pieces.

Inventory:

Missiles
 b - 38 arrows
 g - 2 tomahawks of returning (quivered)
Comestibles
 a - a bread ration
 f - a slice of pizza
 j - a banana
 k - a meat ration
 o - a chunk of jackal flesh
Scrolls
 i - a scroll of amnesia
 n - a scroll of remove curse
 q - 2 scrolls of identify
 s - 2 scrolls of teleportation
Jewellery
 c - a cursed ring of see invisible (left hand)
Potions
 l - a potion of invisibility {unknown}
 m - 2 potions of curing {unknown}
 t - 2 potions of speed {unknown}
Books
 d - a book of Changes

   Spells                             Type                      Level
   *Beastly Appendage                 Transmutation                1
   Sticks to Snakes                   Transmutation                2
   Spider Form                        Transmutation/Poison         3
   Ice Form                           Ice/Transmutation            4
   Blade Hands                        Transmutation                5
 e - a book of Callings

   Spells                             Type                      Level
   Summon Small Mammal                Summoning                    1
   Call Imp                           Summoning                    2
   Call Canine Familiar               Summoning                    3
   Summon Scorpions                   Summoning/Poison             4
   Summon Ice Beast                   Ice/Summoning                4


   Skills:
 - Level 1.1 Fighting
 - Level 1.7 Dodging
 * Level 5.1 Unarmed Combat
 - Level 2.0 Spellcasting
 + Level 3.7 Transmutations


You had 7 spell levels left.
You knew the following spells:

 Your Spells              Type           Power        Failure   Level  Hunger
a - Beastly Appendage     Trmt           ##....       8%          1    ##.....


Dungeon Overview and Level Annotations

Branches:
Dungeon (4/16)
 Temple: D:4-7

Altars:
Kikubaaqudgha
Zin
the Shining One


Message History

The scorpion is heavily wounded.
You feel sick. The scorpion closely misses you.
You hit the scorpion.
The scorpion is severely wounded.
You feel extremely sick.
You feel a little better. The scorpion closely misses you.
You hit the scorpion but do no damage.
You tail-slap the scorpion, but do no damage.
The scorpion is severely wounded.
* * * LOW HITPOINT WARNING * * *
You feel extremely sick. The scorpion barely misses you.
You closely miss the scorpion.
The scorpion is severely wounded.
* * * LOW HITPOINT WARNING * * *
You feel sick. The scorpion closely misses you.
You hit the scorpion.
The scorpion is almost dead.
You die...

######### #.#
.....#### #.#
####.##.### #.#
......._..########.#
####.##.#..........#
# #)###############
# #.# #...).....#
#.# #.#######.# #.#
#.# #@# ####.# #.#
#s# .....###%## #.#
#.........# #.#
.......>..# #.#
#.........# #.#
#.........# #.#
#.....(...# #.#
#.........# #.#


You could see a scorpion.

Vanquished Creatures
  A scorpion (D:4)
  5 adders
  A gnoll (D:1)
  3 worms
  A giant mite (D:4)
  A giant gecko (D:2)
  An orc (D:4)
  8 bats
  2 giant cockroaches
  9 goblins
  9 hobgoblins
  8 jackals
  6 kobolds
  2 quokkas
  4 giant newts
  5 rats
66 creatures vanquished.

Notes
Turn   | Place    | Note
--------------------------------------------------------------
     0 | D:1      | Kae, the Draconian Transmuter, began the quest for the Orb.
     0 | D:1      | Reached XP level 1. HP: 16/16 MP: 3/3
   292 | D:1      | Reached XP level 2. HP: 4/23 MP: 2/4
   829 | D:1      | Reached XP level 3. HP: 28/28 MP: 6/6
  1178 | D:2      | Reached skill level 4 in Unarmed Combat
  1347 | D:2      | Reached XP level 4. HP: 35/35 MP: 5/7
  2071 | D:3      | Found an ancient bone altar of Kikubaaqudgha.
  2072 | D:3      | Found a glowing silver altar of Zin.
  2392 | D:4      | Reached XP level 5. HP: 27/40 MP: 9/9
  2684 | D:4      | Reached skill level 5 in Unarmed Combat
  2777 | D:4      | Found a glowing golden altar of the Shining One.
  2964 | D:4      | Succumbed to a scorpion's poison

Action                   |  1- 3 |  4- 6 || total
-------------------------+-------+-------++-------
Melee: Unarmed           |   110 |   122 ||   232
 Cast: Beastly Appendage |     8 |    21 ||    29
  Use: Scroll            |     5 |     9 ||    14
       Potion            |       |     2 ||     2
